 Dungeon Crawl Stone Soup version 0.20.1-1-g8b1a95d (webtiles) character file.

34864 nightchill the Covert (level 13, -3/103 HPs)
             Began as a Vampire Enchanter on Dec 16, 2017.
             Was an Elder of Kikubaaqudgha.
             Slain by a yak (11 damage)
             ... on level 6 of the Lair of Beasts on Dec 17, 2017.
             The game lasted 01:57:10 (22112 turns).

nightchill the Covert (Vampire Enchanter)          Turns: 22112, Time: 01:57:12

Health: -3/103     AC:  7    Str:  7    XL:     13   Next: 44%
Magic:  17/21      EV: 16    Int: 21    God:    Kikubaaqudgha [****..]
Gold:   915        SH:  0    Dex: 16    Spells: 3/23 levels left

rFire    + . .     SeeInvis +   a - +2 dagger (elec)
rCold    + . .     Gourm    .   (no shield)
rNeg     + + +     Faith    .   T - +0 robe {rN+}
rPois    +         Spirit   .   O - +1 helmet
rElec    .         Reflect  .   (no cloak)
rCorr    .         Harm     .   Q - +1 pair of gloves
MR       +....                  D - +0 pair of boots
Stlth    +++++++...             (no amulet)
Regen    0.2/turn               W - ring of protection from fire
MPRegen  0.2/turn               U - ring of wizardry

@: about to teleport, very slightly contaminated, regenerating slowly, invisible
(expiring)
A: fangs 3, see invisible, mutation resistance 1, unbreathing
a: Bat Form, Receive Corpses, Renounce Religion


You were on level 6 of the Lair of Beasts.
You worshipped Kikubaaqudgha.
Kikubaaqudgha was greatly pleased with you.
You were thirsty.

You visited 4 branches of the dungeon, and saw 17 of its levels.

You collected 915 gold pieces.

Inventory:

Hand Weapons
 a - a +2 dagger of electrocution (weapon)
 c - a +2 short sword
 l - a +0 vampiric short sword
Missiles
 f - 452 stones (quivered)
Armour
 y - a +0 shield
 D - a +0 pair of boots (worn)
 O - a +1 helmet (worn)
 Q - a +1 pair of gloves (worn)
 T - a +0 robe of positive energy (worn)
Magical Staves
 B - an uncursed staff of cold {unknown}
Jewellery
 r - a +2 amulet of reflection {unknown}
 s - an uncursed ring of protection from magic
 t - an uncursed ring of poison resistance
 x - a cursed -2 ring of intelligence {unknown}
 U - a ring of wizardry (right hand)
 W - a ring of protection from fire (left hand)
Wands
 h - a wand of confusion (34/48)
 n - a wand of flame (12/48)
 H - a wand of paralysis (15/24)
Scrolls
 j - 2 scrolls of enchant weapon
 m - 9 scrolls of remove curse
 o - 2 scrolls of enchant armour
 p - 2 scrolls of amnesia
 v - 4 scrolls of recharging
 G - a scroll of immolation
 J - 6 scrolls of identify
 K - 6 scrolls of magic mapping
 L - a scroll of fear
 P - 4 scrolls of teleportation
Potions
 b - 2 potions of cancellation {unknown}
 d - 15 potions of blood
 e - 3 potions of agility
 i - 2 potions of might
 k - 4 potions of berserk rage
 q - a potion of heal wounds
 w - 6 potions of invisibility
 z - 11 potions of curing
 A - 2 potions of mutation {unknown}
 F - 4 potions of haste
Books
 g - a book of Party Tricks

   Spells                             Type                      Level
   a - Summon Butterflies             Summoning                    1
   b - Apportation                    Translocation                1
   c - Lesser Beckoning               Translocation                3
   d - Tukima's Dance                 Hexes                        3
   e - Alistair's Intoxication        Transmutation/Poison         5
   f - Invisibility                   Hexes                        6
 I - Kikubaaqudgha's Volume of Dark Arts
   (Kikubaaqudgha gifted it to you on level 8 of the Dungeon)

   Spells                             Type                      Level
   a - Pain                           Necromancy                   1
   b - Corpse Rot                     Necromancy                   2
   c - Sublimation of Blood           Necromancy                   2
   d - Vampiric Draining              Necromancy                   3
   e - Control Undead                 Necromancy                   4
 N - a book of Maledictions

   Spells                             Type                      Level
   a - Corona                         Hexes                        1
   b - Ensorcelled Hibernation        Hexes/Ice                    2
   c - Confuse                        Hexes                        3
   d - Tukima's Dance                 Hexes                        3
   e - Dazzling Spray                 Conjuration/Hexes            3
 S - a book of Cantrips

   Spells                             Type                      Level
   a - Confusing Touch                Hexes                        1
   b - Animate Skeleton               Necromancy                   1
   c - Summon Small Mammal            Summoning                    1
   d - Apportation                    Translocation                1
 V - Kikubaaqudgha's Disquisition on Dark Secrets
   (Kikubaaqudgha gifted it to you on level 3 of the Lair of Beasts)

   Spells                             Type                      Level
   a - Bolt of Draining               Conjuration/Necromancy       5
   b - Agony                          Necromancy                   5
   c - Cigotuvi's Embrace             Necromancy                   5
   d - Dispel Undead                  Necromancy                   5
   e - Simulacrum                     Ice/Necromancy               6
Miscellaneous
 u - a lightning rod (4/4)
 R - a sack of spiders


   Skills:
 + Level 10.1 Fighting
 - Level 10.2 Short Blades
 + Level 6.6 Dodging
 - Level 14.5 Stealth
 + Level 5.8 Spellcasting
 + Level 10.5 Hexes
 + Level 10.8 Necromancy
 + Level 6.4 Ice Magic


You had 3 spell levels left.
You knew the following spells:

 Your Spells              Type           Power        Failure   Level  Hunger
a - Vampiric Draining     Necr           ######....   1%          3    ##.....
b - Ensorcelled Hibernat  Hex/Ice        #####.       1%          2    None
c - Confuse               Hex            ######..     1%          3    ##.....
d - Simulacrum            Ice/Necr       #####.....   17%         6    #######
e - Invisibility          Hex            ######..     8%          6    #######


Dungeon Overview and Level Annotations

Branches:
Dungeon (9/15)             Temple (1/1) D:7            Lair (6/6) D:9
 Shoals (1/4) Lair:2       Spider (0/4) Lair:4        Slime (0/5) Lair:6
    Orc: D:9-12

Altars:
Ashenzari
Dithmenos
Elyvilon
Gozag
Hepliaklqana
Kikubaaqudgha
Makhleb
Okawaru
Qazlal
Ru
Sif Muna
Uskayaw
Vehumet
Xom
Yredelemnul
Jiyva

Shops:
D:5 }   D:6 *   D:7 %

Portals:
Ossuary: D:4

Annotations:
D:1 exclusion: downstairs
D:5 exclusion: door
D:7 exclusion: downstairs
Lair:1 exclusion: downstairs
Lair:4 exclusion: 3 downstairs
Lair:5 exclusion: downstairs


Innate Abilities, Weirdness & Mutations

You heal slowly.
You have razor-sharp teeth.
You have supernaturally acute eyesight. (SInv)
You can survive without breathing.
You are somewhat resistant to further mutation.


Message History

Press: ? - help, v - describe, . - travel
Here: a guardian serpent (lightly wounded)
The floor.
Okay, then.
As you read the scroll of teleportation, it crumbles to dust.
You feel strangely unstable. The black mamba bites you.
The black mamba bites you!!
* * * LOW HITPOINT WARNING * * *
The wolf spider closely misses you. The wolf spider barely misses you.
The yak barely misses you.
The guardian serpent closely misses you.
The black mamba barely misses you. The yak misses you.
The black mamba completely misses you. The guardian serpent barely misses you.
The yak closely misses you. The wolf spider hits you!!
* * * LOW HITPOINT WARNING * * *
The wolf spider misses you. The guardian serpent barely misses you.
The yak gores you!
You die...
Kikubaaqudgha rasps: "You have failed me!
Welcome... oblivion!"

##....÷.P..##...##....##...#
#P..†...P...##...#....#...##
#...†........##..##..##..##.
##.....P......##..#,,#..##..
##.....P###.[..#÷.#**#.##...
#......##.###....#######....
##.....#$$..###..##..##...##
#......##.$...####....#.###.
#......##?)@Y.§.......##*,..
##.....##%YSsS........##*,..
#.....##$$YYS####....#.###.
#.....#%$..###......##...##
#.....##.###...#..#####....
#......###....##.####.##...
#.....P......##..#..#.%##..
#.....P.S...##..##..##..##.
#......P...##...#....#...##


You could see a wolf spider, a guardian serpent, 2 black mambas and 4 yaks.

Vanquished Creatures
  5 hydras
  A catoblepas (Lair:3)
  2 two-headed ogres
  A necromancer (Lair:6)
  A wolf spider (Lair:6)
  4 elephants (Lair:6)
  12 black mambas
  A rime drake (Lair:6)
  13 spiny frogs
  2 komodo dragons
  2 polar bears (Lair:6)
  2 hornets
  A wind drake (Lair:2)
  Prince Ribbit (D:8)
  7 hippogriffs
  14 blink frogs
  A spriggan (D:7)
  A redback (Lair:6)
  6 wyverns
  32 yaks
  Menkaure (D:7)
  4 basilisks
  10 water moccasins
  7 porcupines
  A black bear (Lair:5)
  A phantom (D:9)
  4 ogres
  A sky beast (D:8)
  2 wolves (Lair:5)
  A centaur (D:8)
  10 crocodiles
  22 bullfrogs
  9 killer bees
  3 howler monkeys
  11 wights
  2 crimson imps
  2 bullfrog zombies
  A jelly (D:9)
  A gnoll shaman (D:5)
  2 hounds
  2 orc priests
  A centaur skeleton (D:7)
  4 iguanas
  7 orc wizards
  3 yak simulacra (Lair:6)
  A polar bear simulacrum (Lair:6)
  7 worker ants
  5 wolf simulacra (Lair:6)
  Robin (D:2)
  4 gnolls (D:5)
  12 adders
  9 river rats
  A shadow imp (D:7)
  2 oozes
  An adder skeleton (D:8)
  An adder zombie (D:3)
  2 worms (D:2)
  A dart slug (D:2)
  5 leopard geckos
  12 orcs
  A ball python (D:6)
  7 giant cockroaches
  18 goblins
  11 hobgoblins
  10 kobolds
  11 quokkas
  6 bats
  6 frilled lizards
  A jackal skeleton (D:5)
  25 rats
  2 river rat simulacra (Lair:6)
  A plant (Lair:3)
384 creatures vanquished.

Vanquished Creatures (collateral kills)
  A black mamba (Lair:6)
  A spiny frog (Lair:6)
  3 wyverns (Lair:6)
  A redback (Lair:6)
  3 water moccasins
  2 wolves (Lair:5)
11 creatures vanquished.

Vanquished Creatures (others)
  A wight (D:9)
  29 fungi
  20 plants
50 creatures vanquished.

Grand Total: 445 creatures vanquished

Notes
Turn   | Place    | Note
-------+----------+-------------------------------------------
     0 | D:1      | nightchill the Vampire Enchanter began the quest for the Orb.
     0 | D:1      | Reached XP level 1. HP: 13/13 MP: 3/3
   221 | D:1      | Reached XP level 2. HP: 19/19 MP: 5/5
   246 | D:1      | Reached skill level 5 in Stealth
   246 | D:1      | Reached skill level 5 in Hexes
  1343 | D:1      | Reached XP level 3. HP: 24/24 MP: 6/6
  1624 | D:2      | Learned a level 2 spell: Ensorcelled Hibernation
  1628 | D:2      | Learned a level 3 spell: Confuse
  2098 | D:2      | Noticed Robin
  2387 | D:2      | Reached skill level 6 in Stealth
  2484 | D:2      | Killed Robin
  2484 | D:2      | Reached XP level 4. HP: 31/31 MP: 0/7
  3029 | D:3      | Reached skill level 1 in Fighting
  3079 | D:3      | Found a hazy altar of Hepliaklqana.
  3154 | D:3      | Noticed a bullfrog
  3166 | D:3      | Killed a bullfrog
  3166 | D:3      | Reached XP level 5. HP: 35/37 MP: 4/8
  3720 | D:4      | Reached skill level 7 in Stealth
  3782 | D:4      | Reached XP level 6. HP: 44/44 MP: 9/9
  3807 | D:4      | Found a shattered altar of Ashenzari.
  3811 | D:4      | Saw a vision of the Shoals and the Spider Nest.
  3811 | D:4      | Noticed a sea snake
  3811 | D:4      | Noticed a merfolk
  3811 | D:4      | Noticed a sea snake
  3811 | D:4      | Noticed a merfolk
  3811 | D:4      | Noticed a merfolk
  3811 | D:4      | Noticed a wolf spider
  3811 | D:4      | Noticed a redback
  3811 | D:4      | Noticed a wolf spider
  3811 | D:4      | Noticed a redback
  3811 | D:4      | Noticed a redback
  3878 | D:4      | Found a sand-covered staircase.
  4231 | D:5      | Entered Level 5 of the Dungeon
  4298 | D:5      | Found Tuefyl's Gadget Boutique.
  4355 | D:5      | Found a deep blue altar of Sif Muna.
  5265 | D:5      | Reached XP level 7. HP: 33/51 MP: 1/10
  5552 | D:5      | Reached skill level 8 in Stealth
  5839 | D:6      | Found a sacrificial altar of Ru.
  5863 | D:6      | Found a shimmering altar of Xom.
  5904 | D:6      | Found Waploce's General Store.
  6206 | D:6      | Reached skill level 5 in Short Blades
  6218 | D:6      | Reached XP level 8. HP: 58/58 MP: 5/11
  6320 | D:6      | Reached skill level 9 in Stealth
  6496 | D:6      | Found a glowing drain.
  6790 | D:7      | Noticed Menkaure
  6797 | D:7      | Killed Menkaure
  6872 | D:7      | Found a staircase to the Ecumenical Temple.
  6888 | Temple   | Entered the Ecumenical Temple
  6911 | Temple   | Became a worshipper of Kikubaaqudgha
  6972 | D:7      | Reached skill level 10 in Stealth
  7087 | D:7      | Noticed a two-headed ogre
  7091 | D:7      | Reached skill level 1 in Necromancy
  7289 | D:7      | Killed a two-headed ogre
  7289 | D:7      | Reached XP level 9. HP: 47/67 MP: 9/12
  7454 | D:7      | Reached skill level 5 in Fighting
  7458 | D:7      | Reached skill level 11 in Stealth
  7858 | D:7      | Found Joebai's Food Boutique.
  7991 | D:8      | Noticed a two-headed ogre
  8001 | D:8      | Killed a two-headed ogre
  8510 | D:8      | Reached skill level 5 in Necromancy
  8540 | D:8      | Found an opulent altar of Gozag.
  8550 | D:8      | Reached XP level 10. HP: 73/76 MP: 13/13
  8562 | D:8      | Reached skill level 12 in Stealth
  8570 | D:8      | Reached * piety under Kikubaaqudgha
  8570 | D:8      | Identified Kikubaaqudgha's Volume of Dark Arts (Kikubaaqudgha gifted it to you on level 8 of the Dungeon)
  8570 | D:8      | Received a gift from Kikubaaqudgha
  8571 | D:8      | Noticed Prince Ribbit
  8633 | D:8      | Learned a level 3 spell: Vampiric Draining
  8991 | D:8      | Killed Prince Ribbit
  9520 | D:9      | Found a stormy altar of Qazlal.
  9905 | D:9      | Found a staircase to the Lair.
 10444 | Lair:1   | Entered Level 1 of the Lair of Beasts
 10588 | Lair:1   | Reached skill level 13 in Stealth
 10883 | Lair:1   | Noticed a four-headed hydra
 10951 | Lair:1   | Noticed an eight-headed hydra
 10969 | Lair:1   | Killed an eight-headed hydra
 11049 | Lair:1   | Reached ** piety under Kikubaaqudgha
 11055 | Lair:1   | Got a fine ring mail
 11081 | Lair:1   | Identified the +1 ring mail of Democracy {+Inv Int+4} (You found it on level 1 of the Lair of Beasts)
 11103 | Lair:1   | Found a burning altar of Makhleb.
 11593 | Lair:2   | Reached XP level 11. HP: 74/84 MP: 0/14
 12390 | Lair:2   | Found a staircase to the Shoals.
 12404 | Shoals:1 | Entered Level 1 of the Shoals
 12404 | Shoals:1 | Noticed a kraken
 13080 | Lair:2   | Noticed a seven-headed hydra
 13086 | Lair:2   | Killed a seven-headed hydra
 13086 | Lair:2   | Reached skill level 5 in Dodging
 13086 | Lair:2   | Reached skill level 14 in Stealth
 14119 | Lair:2   | Reached skill level 10 in Short Blades
 14447 | Lair:3   | Noticed a catoblepas
 14459 | Lair:3   | Killed a catoblepas
 14987 | Lair:3   | Reached *** piety under Kikubaaqudgha
 14987 | Lair:3   | Identified Kikubaaqudgha's Disquisition on Dark Secrets (Kikubaaqudgha gifted it to you on level 3 of the Lair of Beasts)
 14987 | Lair:3   | Received a gift from Kikubaaqudgha
 15332 | Lair:4   | Reached skill level 1 in Ice Magic
 15332 | Lair:4   | Reached XP level 12. HP: 77/94 MP: 8/15
 15407 | Lair:4   | Found a hole to the Spider Nest.
 15755 | Lair:4   | Learned a level 6 spell: Simulacrum
 16446 | Lair:5   | Noticed a death yak
 16446 | Lair:5   | Noticed a death yak
 16451 | Lair:5   | Noticed a death yak
 16452 | Lair:5   | Noticed a death yak
 16453 | Lair:5   | Noticed a death yak
 17848 | Lair:5   | Noticed a death yak
 17849 | Lair:5   | Noticed a death yak
 17887 | Lair:5   | Noticed a death yak
 17889 | Lair:5   | Noticed a death yak
 18150 | Lair:6   | Entered Level 6 of the Lair of Beasts
 19113 | Lair:6   | Reached skill level 5 in Spellcasting
 19113 | Lair:6   | Reached skill level 10 in Necromancy
 19778 | Lair:5   | Learned a level 6 spell: Invisibility
 19791 | Lair:6   | Reached skill level 5 in Ice Magic
 20003 | Lair:5   | Gained mutation: You are somewhat resistant to further mutation. [mutagenic glow]
 20435 | Lair:6   | Reached XP level 13. HP: 102/102 MP: 20/20
 20894 | Lair:6   | Reached skill level 10 in Fighting
 20937 | Lair:6   | Found a radiant altar of Vehumet.
 20972 | Lair:6   | Reached skill level 10 in Hexes
 21103 | Lair:6   | Found a viscous altar of Jiyva.
 21104 | Lair:6   | Found a staircase to the Slime Pits.
 21338 | Lair:6   | Reached **** piety under Kikubaaqudgha
 22112 | Lair:6   | Slain by a yak

Skill      XL: |  1  2  3  4  5  6  7  8  9 10 11 12 13 |
---------------+----------------------------------------+-----
Stealth        | 5 6 7 8 10 11 13 14 | 14.5
Hexes          | 5 6 7 8 9 10 | 10.5
Fighting       | 1 2 3 4 6 7 8 9 10 | 10.1
Short Blades   | 2 3 4 5 6 7 9 10 | 10.2
Necromancy     | 2 5 7 8 10 | 10.8
Dodging        | 3 5 6 |  6.6
Ice Magic      | 1 5 6 |  6.4
Spellcasting   | 5 |  5.8

Action                   |  1- 3 |  4- 6 |  7- 9 | 10-12 | 13-15 || total
-------------------------+-------+-------+-------+-------+-------++-------
Melee: Dagger            |   101 |   162 |   237 |   620 |   155 ||  1275
       Bite              |     8 |     9 |    18 |    54 |    19 ||   108
       Unarmed           |       |       |       |     1 |       ||     1
Throw: Stone             |       |     2 |     3 |     7 |       ||    12
 Cast: Ensorcelled Hiber |     7 |    27 |    11 |    18 |       ||    63
       Confuse           |       |     3 |    38 |   113 |    19 ||   173
       Vampiric Draining |       |       |       |    16 |       ||    16
       Simulacrum        |       |       |       |     8 |     2 ||    10
       Invisibility      |       |       |       |     4 |     6 ||    10
Invok: Receive Corpses   |       |       |       |     1 |       ||     1
 Abil: End Transformatio |       |     1 |       |     7 |       ||     8
       Bat Form          |       |     1 |       |     7 |       ||     8
  Use: Potion            |     3 |     6 |     2 |    29 |     7 ||    47
       Scroll            |       |    13 |     2 |     3 |     7 ||    25
 Stab: Sleeping          |    14 |    30 |    25 |    31 |     2 ||   102
       Confused          |       |     1 |    19 |    56 |    14 ||    90
       Paralysed         |       |       |     1 |       |       ||     1
       Distracted        |       |       |       |     3 |       ||     3
       Invisible         |       |       |       |     7 |    22 ||    29
  Eat: Corpse            |       |     5 |    21 |    12 |       ||    38
Armor: Robe              |    13 |    36 |    19 |    49 |     9 ||   126
Dodge: Dodged            |    43 |    91 |    95 |   268 |    83 ||   580
